PBL
MONTREAL EXPOS @ ATLANTA BRAVES
06/17/2071
 
TOP OF THE 1ST
Montreal Expos batting - Pitching for Atlanta Braves : RHP Phil Gladue
Pitching: RHP Phil Gladue
Batting: RHB Henry Treleaven 0-0: Ball
1-0: Ball
2-0: Ball
3-0: Called Strike
3-1: SINGLE (Groundball, 6MD, EV 100.6 MPH)
Batting: LHB Mike Downs 0-0: Ball
1-0: Fly out, F9 (Flyball, 9, EV 88.1 MPH)
Batting: LHB Oscar Blackwell 0-0: Called Strike
0-1: Foul Ball, location: 2F
0-2: Ball
1-2: Foul Ball, location: 2F
1-2: Fly out, F8 (Flyball, 89M, EV 93.1 MPH)
Batting: LHB Don Bullock 0-0: Swinging Strike
0-1: Ball
1-1: Ball
2-1: Ball
3-1: Base on Balls
Henry Treleaven to second
Batting: RHB Andrew Martínez 0-0: Ball
1-0: Ball
2-0: Foul Ball, location: 9LMF
2-1: DOUBLE (Line Drive, 7LS, EV 94.4 MPH)
Henry Treleaven scores
Don Bullock to third
Runner from 3rd tries for Home, SAFE, throw by LF to home
Batting: LHB Armando Torres 0-0: Ground out 4-3 (Groundball, 4, EV 84.4 MPH)
Top of the 1st over - 2 runs, 2 hits, 0 errors, 1 left on base; Montreal 2 - Atlanta 0
BOTTOM OF THE 1ST
Atlanta Braves batting - Pitching for Montreal Expos : LHP Larry West
Pitching: LHP Larry West
Batting: RHB Francisco Vega 0-0: Called Strike
0-1: Called Strike
0-2: Fly out, F9 (Flyball, 9D, EV 112.5 MPH)
Batting: RHB Murai Kimura 0-0: SINGLE (Groundball, 6MD, EV 103.1 MPH)
Batting: RHB David Miller 0-0: Ball
1-0: Foul Ball, location: 3F
1-1: Foul Ball, location: 23F
1-2: Foul Ball, location: 5FF
1-2: Strikes out swinging
Batting: RHB Vince Gielens 0-0: Called Strike
0-1: Swinging Strike
0-2: Ball
1-2: Ball
2-2: DOUBLE (Flyball, 8LXD, EV 106.9 MPH)
Murai Kimura to third
Runner from 3rd tries for Home, SAFE, throw by CF to home
Batting: RHB Ray Boyer 0-0: SINGLE (Groundball, 4D, EV 100.0 MPH)
Vince Gielens to third
Runner from 3rd tries for Home, SAFE, throw by RF to home
Batting: RHB Tyrone Evans 0-0: Foul Ball, location: 3F
0-1: Called Strike
0-2: Ball
1-2: Foul Ball, location: 25F
1-2: Foul Ball, location: 2F
1-2: Fielders Choice at 2nd, 5-4 (Groundball, 56, EV 85.0 MPH)
Bottom of the 1st over - 2 runs, 3 hits, 0 errors, 1 left on base; Montreal 2 - Atlanta 2
TOP OF THE 2ND
Montreal Expos batting - Pitching for Atlanta Braves : RHP Phil Gladue
Batting: RHB Roy López 0-0: Foul Ball, location: 3FF
0-1: Ball
1-1: Fly out, F8 (Flyball, 8LD, EV 110.0 MPH)
Batting: RHB Felipe Rivas 0-0: Called Strike
0-1: Called Strike
0-2: Strikes out looking
Batting: RHB Tom Laird 0-0: Foul Ball, location: 9LSF
0-1: Called Strike
0-2: SINGLE (Groundball, 34D, EV 110.0 MPH)
Batting: RHB Henry Treleaven 0-0: Ball
1-0: Ball
2-0: SINGLE (Line Drive, 89S, EV 90.6 MPH)
Tom Laird to second
Runner from 2nd tries for 3rd, SAFE, throw by RF made to third
Batting: LHB Mike Downs 0-0: Ball
1-0: Called Strike
1-1: Called Strike
1-2: Ball
2-2: Ball
3-2: SINGLE (Groundball, 4, EV 86.3 MPH) (infield hit)
Tom Laird scores
Henry Treleaven to second
Batting: LHB Oscar Blackwell 0-0: Foul Ball, location: 23F
0-1: Called Strike
0-2: 3-RUN HOME RUN (Flyball, 7LD, EV 96.3 MPH), Distance : 360 ft
Batting: LHB Don Bullock 0-0: Called Strike
0-1: Ball
1-1: Foul Ball, location: 2F
1-2: Fly out, F5 (Popup, 5F, EV 74.4 MPH)
Top of the 2nd over - 4 runs, 4 hits, 0 errors, 0 left on base; Montreal 6 - Atlanta 2
BOTTOM OF THE 2ND
Atlanta Braves batting - Pitching for Montreal Expos : LHP Larry West
Batting: RHB Ronald Baldwin 0-0: Called Strike
0-1: Foul Ball, location: 3DF
0-2: Strikes out looking
Batting: LHB Paul Graham 0-0: Ball
1-0: Ball
2-0: Fly out, F8 (Line Drive, 8LM, EV 97.5 MPH)
Batting: LHB Gonzalo Crespo 0-0: Ball
1-0: Fly out, F8 (Flyball, 8LD, EV 103.1 MPH)
Bottom of the 2nd over - 0 runs, 0 hits, 0 errors, 0 left on base; Montreal 6 - Atlanta 2
TOP OF THE 3RD
Montreal Expos batting - Pitching for Atlanta Braves : RHP Phil Gladue
Batting: RHB Andrew Martínez 0-0: Ball
1-0: Called Strike
1-1: Ground out 5-3 (Groundball, 56S, EV 66.9 MPH)
Batting: LHB Armando Torres 0-0: Ball
1-0: Called Strike
1-1: Swinging Strike
1-2: Strikes out swinging
Batting: RHB Roy López 0-0: Called Strike
0-1: Ball
1-1: Foul Ball, location: 23F
1-2: Ball
2-2: Ball
3-2: Ground out 4-3 (Groundball, 4, EV 83.1 MPH)
Top of the 3rd over - 0 runs, 0 hits, 0 errors, 0 left on base; Montreal 6 - Atlanta 2
BOTTOM OF THE 3RD
Atlanta Braves batting - Pitching for Montreal Expos : LHP Larry West
Batting: RHB Francisco Vega 0-0: Ball
1-0: Ball
2-0: Swinging Strike
2-1: Fly out, F9 (Flyball, 9, EV 91.3 MPH)
Batting: RHB Murai Kimura 0-0: Ball
1-0: Called Strike
1-1: Ball
2-1: Called Strike
2-2: Ball
3-2: Foul Ball, location: 9LDF
3-2: Base on Balls
Batting: RHB David Miller 0-0: Called Strike
0-1: Swinging Strike
0-2: Foul Ball, location: 2F
0-2: Foul Ball, location: 2F
0-2: Foul Ball, location: 3FF
0-2: Ball
1-2: Strikes out swinging
Batting: RHB Vince Gielens 0-0: Called Strike
0-1: Foul Ball, location: 2F
0-2: Ball
1-2: Fly out, F8 (Line Drive, 78M, EV 108.1 MPH)
Bottom of the 3rd over - 0 runs, 0 hits, 0 errors, 1 left on base; Montreal 6 - Atlanta 2
TOP OF THE 4TH
Montreal Expos batting - Pitching for Atlanta Braves : RHP Phil Gladue
Pitching: RHP Gary Camp
Batting: RHB Felipe Rivas 0-0: Ball
1-0: Swinging Strike
1-1: Fly out, F8 (Line Drive, 8LS, EV 92.5 MPH)
Batting: RHB Tom Laird 0-0: Swinging Strike
0-1: Ball
1-1: SINGLE (Groundball, 6M, EV 106.3 MPH)
Batting: RHB Henry Treleaven 0-0: Ball
1-0: Ball
2-0: DOUBLE (Line Drive, 89M, EV 104.4 MPH)
Tom Laird to third
Runner from 3rd tries for Home, SAFE, no throw by CF
Batting: LHB Mike Downs 0-0: Ball
1-0: Ball
2-0: Ground out 4-3 (Groundball, 4, EV 105.6 MPH)
Henry Treleaven to third
Batting: LHB Oscar Blackwell 0-0: Called Strike
0-1: Called Strike
0-2: Ball
1-2: Foul Ball, location: 3SF
1-2: Strikes out swinging
Top of the 4th over - 1 run, 2 hits, 0 errors, 1 left on base; Montreal 7 - Atlanta 2
BOTTOM OF THE 4TH
Atlanta Braves batting - Pitching for Montreal Expos : LHP Larry West
Batting: RHB Ray Boyer 0-0: Ball
1-0: Foul Ball, location: 23F
1-1: Ball
2-1: SINGLE (Line Drive, 7S, EV 91.9 MPH)
Batting: RHB Tyrone Evans 0-0: Ball
1-0: Called Strike
1-1: Ball
2-1: Swinging Strike
2-2: SINGLE (Line Drive, 8LS, EV 88.8 MPH)
Ray Boyer to second
Batting: RHB Ronald Baldwin 0-0: Ball
1-0: Called Strike
1-1: Ball
2-1: Foul Ball, location: 3FF
2-2: Ball
3-2: Strikes out swinging
Batting: LHB Paul Graham 0-0: Called Strike
0-1: Called Strike
0-2: Ball
1-2: Fly out, F8 (Flyball, 8RD, EV 97.5 MPH)
Batting: LHB Gonzalo Crespo 0-0: Ball
1-0: Ball
2-0: Called Strike
2-1: Fly out, F9 (Flyball, 9, EV 94.4 MPH)
Bottom of the 4th over - 0 runs, 2 hits, 0 errors, 2 left on base; Montreal 7 - Atlanta 2
TOP OF THE 5TH
Montreal Expos batting - Pitching for Atlanta Braves : RHP Gary Camp
Batting: LHB Don Bullock 0-0: Foul Ball, location: 3FF
0-1: Called Strike
0-2: Ball
1-2: Ball
2-2: Fly out, F9 (Flyball, 89M, EV 85.0 MPH)
Batting: RHB Andrew Martínez 0-0: Ball
1-0: Called Strike
1-1: Ground out 4-3 (Groundball, 4, EV 90.0 MPH)
Batting: LHB Armando Torres 0-0: Swinging Strike
0-1: Called Strike
0-2: Strikes out swinging, 2-3 out at first.
Top of the 5th over - 0 runs, 0 hits, 0 errors, 0 left on base; Montreal 7 - Atlanta 2
BOTTOM OF THE 5TH
Atlanta Braves batting - Pitching for Montreal Expos : LHP Larry West
Batting: RHB Francisco Vega 0-0: Called Strike
0-1: Fly out, F3 (Line Drive, 3, EV 64.4 MPH)
Batting: RHB Murai Kimura 0-0: Ball
1-0: Fly out, F8 (Flyball, 8RS, EV 93.1 MPH)
Batting: RHB David Miller 0-0: Ball
1-0: Fly out, F3 (Line Drive, 3, EV 67.5 MPH)
Bottom of the 5th over - 0 runs, 0 hits, 0 errors, 0 left on base; Montreal 7 - Atlanta 2
TOP OF THE 6TH
Montreal Expos batting - Pitching for Atlanta Braves : RHP Gary Camp
Batting: RHB Roy López 0-0: Ball
1-0: Called Strike
1-1: Ball
2-1: Foul Ball, location: 9LSF
2-2: Ball
3-2: Ground out 4-3 (Groundball, 4, EV 108.8 MPH)
Batting: RHB Felipe Rivas 0-0: Foul Ball, location: 9LDF
0-1: Fly out, F7 (Flyball, 78XD, EV 108.1 MPH)
Batting: RHB Tom Laird 0-0: Called Strike
0-1: Ball
1-1: Ball
2-1: Called Strike
2-2: Ball
3-2: Strikes out swinging
Top of the 6th over - 0 runs, 0 hits, 0 errors, 0 left on base; Montreal 7 - Atlanta 2
BOTTOM OF THE 6TH
Atlanta Braves batting - Pitching for Montreal Expos : LHP Larry West
Pitching: RHP Raúl Álvarez
Batting: RHB Vince Gielens 0-0: Ball
1-0: Called Strike
1-1: Called Strike
1-2: Ball
2-2: Strikes out swinging
Batting: RHB Ray Boyer 0-0: Ball
1-0: Swinging Strike
1-1: Swinging Strike
1-2: Foul Ball, location: 5F
1-2: Ball
2-2: Fly out, F9 (Flyball, 9D, EV 91.3 MPH)
Batting: RHB Tyrone Evans 0-0: Swinging Strike
0-1: Ball
1-1: Ball
2-1: Called Strike
2-2: Foul Ball, location: 2F
2-2: Ball
3-2: Base on Balls
Batting: RHB Ronald Baldwin 0-0: Ball
Tyrone Evans is caught stealing 2nd base 2-4
Bottom of the 6th over - 0 runs, 0 hits, 0 errors, 0 left on base; Montreal 7 - Atlanta 2
TOP OF THE 7TH
Montreal Expos batting - Pitching for Atlanta Braves : RHP Gary Camp
Pitching: RHP Vicente López
Batting: RHB Henry Treleaven 0-0: Called Strike
0-1: Ground out 1-3 (Groundball, 34S, EV 75.0 MPH)
Batting: LHB Mike Downs 0-0: Ball
1-0: Foul Ball, location: 2F
1-1: Ground out 5-3 (Groundball, 56S, EV 78.8 MPH)
Batting: LHB Oscar Blackwell 0-0: Called Strike
0-1: Ball
1-1: Ball
2-1: Called Strike
2-2: Ball
3-2: Strikes out looking
Top of the 7th over - 0 runs, 0 hits, 0 errors, 0 left on base; Montreal 7 - Atlanta 2
BOTTOM OF THE 7TH
Atlanta Braves batting - Pitching for Montreal Expos : RHP Raúl Álvarez
Batting: RHB Ronald Baldwin 0-0: Ball
1-0: Swinging Strike
1-1: Called Strike
1-2: Strikes out swinging
Batting: LHB Paul Graham 0-0: Ball
1-0: Foul Ball, location: 7LSF
1-1: SINGLE (Groundball, 3D, EV 107.5 MPH)
Batting: LHB Gonzalo Crespo 0-0: Called Strike
0-1: Swinging Strike
0-2: Strikes out looking
Batting: RHB Francisco Vega 0-0: Ball
1-0: Ball
2-0: Ball
3-0: Called Strike
3-1: Base on Balls
Paul Graham to second
Batting: RHB Murai Kimura 0-0: Swinging Strike
0-1: Ball
1-1: Ball
2-1: Foul Ball, location: 9LDF
2-2: Strikes out swinging
Bottom of the 7th over - 0 runs, 1 hit, 0 errors, 2 left on base; Montreal 7 - Atlanta 2
TOP OF THE 8TH
Montreal Expos batting - Pitching for Atlanta Braves : RHP Vicente López
Batting: LHB Don Bullock 0-0: Foul Ball, location: 3F
0-1: Foul Ball, location: 2F
0-2: Ball
1-2: Fly out, F8 (Flyball, 8RXD, EV 103.1 MPH)
Batting: RHB Andrew Martínez 0-0: Fly out, F4 (Line Drive, 4, EV 68.8 MPH)
Batting: LHB Armando Torres 0-0: Ball
1-0: Called Strike
1-1: Foul Ball, location: 2F
1-2: Foul Ball, location: 2F
1-2: SOLO HOME RUN (Flyball, 9D, EV 97.5 MPH), Distance : 376 ft
Batting: RHB Roy López 0-0: Ground out U3 (Groundball, 3S, EV 70.0 MPH)
Top of the 8th over - 1 run, 1 hit, 0 errors, 0 left on base; Montreal 8 - Atlanta 2
BOTTOM OF THE 8TH
Atlanta Braves batting - Pitching for Montreal Expos : RHP Raúl Álvarez
Pitching: LHP Fred Wright
Batting: RHB David Miller 0-0: Ball
1-0: Called Strike
1-1: Foul Ball, location: 5SF
1-2: Strikes out swinging
Batting: RHB Vince Gielens 0-0: Ball
1-0: Called Strike
1-1: Foul Ball, location: 7LSF
1-2: Ball
2-2: Ball
3-2: Ground out 6-3 (Groundball, 56, EV 91.9 MPH)
Batting: RHB Ray Boyer 0-0: Foul Ball, location: 2F
0-1: Called Strike
0-2: Ground out 6-3 (Groundball, 6, EV 80.0 MPH)
Bottom of the 8th over - 0 runs, 0 hits, 0 errors, 0 left on base; Montreal 8 - Atlanta 2
TOP OF THE 9TH
Montreal Expos batting - Pitching for Atlanta Braves : RHP Vicente López
Batting: RHB Felipe Rivas 0-0: Ball
1-0: Ball
2-0: Foul Ball, location: 9LMF
2-1: Foul Ball, location: 2F
2-2: Ball
3-2: Base on Balls
Batting: RHB Tom Laird 0-0: Ball
1-0: Foul Ball, location: 2F
1-1: Ball
2-1: Foul Ball, location: 2F
2-2: Strikes out swinging
Pitching: LHP António Hernández
Batting: RHB Henry Treleaven 0-0: Ball
1-0: Called Strike
1-1: Fly out, F8 (Flyball, 89S, EV 93.1 MPH)
Batting: LHB Mike Downs 0-0: SINGLE (Groundball, 15, EV 65.6 MPH) (infield hit)
Felipe Rivas to second
Batting: LHB Oscar Blackwell 0-0: Ball
1-0: Called Strike
1-1: SINGLE (Flyball, 89S, EV 87.5 MPH)
Felipe Rivas to third
Mike Downs to second
Runner from 3rd tries for Home, SAFE, throw by CF to home
Batting: RHB Ed Basset 0-0: Ball
1-0: Ball
2-0: Foul Ball, location: 2F
2-1: SINGLE (Groundball, 6MD, EV 100.0 MPH)
Mike Downs to third
Oscar Blackwell to second
Runner from 3rd tries for Home, SAFE, throw by CF to home
Batting: RHB Andrew Martínez 0-0: Ground out 4-3 (Groundball, 4, EV 105.6 MPH)
Top of the 9th over - 2 runs, 3 hits, 0 errors, 2 left on base; Montreal 10 - Atlanta 2
BOTTOM OF THE 9TH
Atlanta Braves batting - Pitching for Montreal Expos : LHP Fred Wright
Batting: RHB Tyrone Evans 0-0: Swinging Strike
0-1: Called Strike
0-2: Strikes out swinging
Batting: RHB Ronald Baldwin 0-0: Ball
1-0: Swinging Strike
1-1: Swinging Strike
1-2: SINGLE (Groundball, 6MD, EV 93.8 MPH)
Batting: LHB Paul Graham 0-0: Grounds into double play, 3-6-3 (Groundball, 34S, EV 84.4 MPH)
Bottom of the 9th over - 0 runs, 1 hit, 0 errors, 0 left on base; Montreal 10 - Atlanta 2
Wednesday, April 24th , 2024 - OOTP Baseball 24.10 Build 82